 Dungeon Crawl Stone Soup version 0.27-a0-1273-gec92ba881d (webtiles) character file.

Game seed: 53198595040823455

3395 freelancePsychic the Destroyer (level 9, -13/69 HPs)
             Began as a Palentonga Conjurer on June 11, 2021.
             Was a Believer of Vehumet.
             Mangled by a two-headed ogre
             ... wielding a +0 giant spiked club
              (21 damage)
             ... on level 9 of the Dungeon.
             The game lasted 00:21:18 (10569 turns).

freelancePsychic the Destroyer (PaCj)              Turns: 10569, Time: 00:21:19

Health: -13/69     AC: 15    Str: 10    XL:     9   Next: 75%
Magic:  3/28       EV:  9    Int: 21    God:    Vehumet [**....]
Gold:   156        SH:  0    Dex: 10    Spells: 9/21 levels left

rFire    . . .     SeeInvis +   t - +1 dagger (venom)
rCold    . . .     Faith    .   (no shield)
rNeg     . . .     Spirit   .   a - +0 robe
rPois    .         Reflect  .   q - +2 helmet {SInv}
rElec    .         Harm     .   (no cloak)
rCorr    .         Rampage  .   o - +0 pair of gloves
Will     .....                  (no barding)
Stlth    +.........             (no amulet)
HPRegen  0.21/turn              s - ring of magical power
MPRegen  0.21/turn              (no ring)

@: very slightly contaminated, curled up
A: large, rugged brown scales 3, see invisible, deformed body, roll 1, armoured
tail, reflexive curl
a: Rolling Charge, Renounce Religion


You were on level 9 of the Dungeon.
You worshipped Vehumet.
Vehumet was pleased with you.
You visited 2 branches of the dungeon, and saw 10 of its levels.

You collected 298 gold pieces.
You spent 142 gold pieces at shops.

Inventory:

Hand Weapons
 t - a +1 dagger of venom (weapon)
Missiles
 g - a curare-tipped dart
 i - 2 boomerangs of dispersal
 w - 6 atropa-tipped darts
Armour
 a - a +0 robe (worn)
 o - a +0 pair of gloves (worn)
 q - a +2 helmet of see invisible (worn)
Jewellery
 h - a ring of see invisible
 s - a ring of magical power (left hand)
Wands
 p - a wand of paralysis (8)
Scrolls
 d - 2 scrolls of magic mapping
 e - 2 scrolls of enchant weapon
 f - a scroll of amnesia
 l - a scroll of holy word
 m - 4 scrolls of identify {@r1}
 v - a scroll of enchant armour {unknown}
 x - a scroll of brand weapon
 y - a scroll of immolation {unknown}
 A - a scroll of fog {unknown}
Potions
 b - 3 potions of lignification
 c - 2 potions of brilliance {unknown}
 j - 2 potions of degeneration {unknown}
 k - 2 potions of curing {@q1}
 n - a potion of might {unknown}
 r - a potion of berserk rage {unknown}
 u - a potion of magic {unknown}
 z - a potion of flight {unknown}


   Skills:
 + Level 4.0 Fighting
 - Level 1.5 Dodging
 - Level 1.2 Stealth
 - Level 6.8 Spellcasting
 + Level 9.7 Conjurations
 - Level 3.5 Translocations
 + Level 3.1 Earth Magic


You had 9 spell levels left.
You knew the following spells:

 Your Spells              Type           Power      Damage    Failure   Level
a - Magic Dart            Conj           100%       1d8       1%          1
b - Searing Ray           Conj           96%        3d7       1%          2
c - Iskenderun's Mystic   Conj/Tloc      35%        2d8       6%          4
d - Iskenderun's Battles  Conj           48%        2d10      4%          5

Your spell library contained the following spells:

 Spells                   Type           Power      Damage    Failure   Level
 Foxfire                  Conj/Fire      100%       2x1d9     1%          1
 Conjure Flame            Conj/Fire      27%        6-21      3%          3
 Dazzling Flash           Conj/Hex       54%        N/A       3%          3
 Mephitic Cloud           Conj/Pois/Air  20%        N/A       7%          3
 Fulminant Prism          Conj/Hex       13%        3d9       12%         4
 Poisonous Vapours        Pois/Air       14%        N/A       14%         2
 Bolt of Magma            Conj/Fire/Erth 12%        4d8       38%         5
 Freezing Cloud           Conj/Ice/Air   10%        6-21      54%         5
 Iron Shot                Conj/Erth      17%        9d4       69%         6
 Orb of Destruction       Conj           24%        9d10      80%         7
 Spellforged Servitor     Conj/Summ      13%        N/A       100%        7


Dungeon Overview and Level Annotations

Branches:
Dungeon (9/15)             Temple (1/1) D:5
   Lair: D:8-11         Orc: D:9-12

Altars:
Cheibriados
Dithmenos
Elyvilon
Fedhas
Gozag
Hepliaklqana
Kikubaaqudgha
Makhleb
Nemelex Xobeh
Okawaru
Qazlal
Ru
Sif Muna
Trog
Uskayaw
Vehumet
Wu Jian
Xom
Yredelemnul
The Shining One

Shops:
D:1 *   D:6 *   D:8 [

Annotations:
D:2 1 runed translucent door, Crazy Yiuf
D:5 2 transporters, Dvallin's ghost, amateur KoDe
D:6 Pikel


Innate Abilities, Weirdness & Mutations

You are completely covered in rugged brown scales. (AC +3, +7% HP)
You have supernaturally acute eyesight. (SInv)
Armour fits poorly on your strangely shaped body.
You can roll at nearby foes to attack.
You have a long armoured tail.
You curl defensively after being hit.


Message History

Casting: Iskenderun's Mystic Blast (dangerous; 6% risk of failure)
Confirm with . or Enter, or press ? or * to list all spells.
Aiming: Searing Ray (safe; 1% risk of failure)
Press: ? - help, Shift-Dir - straight line, f - two-headed ogre
Aim: a two-headed ogre, wielding two +0 giant spiked clubs (moderately wounded, 92% to hit)
The searing ray hits the two-headed ogre!
The two-headed ogre is heavily wounded. (Press . to maintain the ray.)
Casting: Searing Ray (safe; 1% risk of failure)
Confirm with . or Enter, or press ? or * to list all spells.
You erupt in a blast of force!
The mystic blast hits the yak.
The yak is lightly wounded.
The yak is knocked back by the mystic blast.
The yak slams into the rock wall!
The mystic blast hits the two-headed ogre.
The two-headed ogre is heavily wounded.
The two-headed ogre is knocked back by the mystic blast.
The two-headed ogre slams into the rock wall!
The two-headed ogre closely misses you.
The two-headed ogre hits you with a +0 giant spiked club!
* * * LOW HITPOINT WARNING * * *
You see here a yak corpse.
There is an open door, spattered with blood here.
Casting: Iskenderun's Mystic Blast (dangerous; 6% risk of failure)
Confirm with . or Enter, or press ? or * to list all spells.
You miscast Iskenderun's Mystic Blast.
You are very lightly contaminated with residual magic.
Nothing appears to happen.
The two-headed ogre hits you with a +0 giant spiked club!
* * * LOW HITPOINT WARNING * * *
The two-headed ogre hits you with a +0 giant spiked club.
* * * LOW HITPOINT WARNING * * *
Casting: Iskenderun's Mystic Blast (dangerous; 6% risk of failure)
Confirm with . or Enter, or press ? or * to list all spells.
You erupt in a blast of force!
The mystic blast hits the yak!
The yak is heavily wounded.
The mystic blast hits the two-headed ogre!
The two-headed ogre is severely wounded.
The two-headed ogre hits you with a +0 giant spiked club!!
You die...

#.)..# * #)#### ***
#†# *,, ##'########
*,* #.........# *,*
#.........# *,*
#.........#*******,,
#..OY.....+,,,,,,,,*
#.(@.....<#*******,*
###'####### *,*
#.###### *,*
#......# *,*
#######'## *,*
#........# ***+*
#........#*****,,,,
#........+,,,,*,,,,
#........#***>+,,,,


You could see a two-headed ogre and a yak.

Vanquished Creatures
  A boulder beetle (D:8)
  2 yaks (D:9)
  A hornet zombie (D:7)
  2 black bears
  An ogre (D:4)
  2 centaurs
  A lemure (D:5)
  3 kobold brigands
  A bullfrog (D:7)
  A wyvern zombie (D:7)
  2 scorpions
  A gnoll sergeant (D:9)
  6 killer bees (D:9)
  4 howler monkeys
  4 orc priests
  2 centaur zombies
  2 hounds
  3 jellies
  A bullfrog skeleton (D:7)
  A centaur skeleton (D:5)
  A gnoll shaman (D:7)
  2 iguanas (D:7)
  3 orc wizards
  8 gnolls
  5 adders
  3 white imps
  An ufetubus (D:5)
  2 worms
  4 dart slugs
  15 orcs
  6 ball pythons
  5 endoplasms
  9 giant cockroaches
  9 goblins
  9 hobgoblins
  9 jackals
  29 kobolds
  4 quokkas
  7 bats
  8 frilled lizards
  7 rats
187 creatures vanquished.

Vanquished Creatures (collateral kills)
  A hornet (D:7)
  An orc (D:7)
2 creatures vanquished.

Vanquished Creatures (others)
  6 plants
6 creatures vanquished.

Grand Total: 195 creatures vanquished

Notes
Turn   | Place    | Note
-------+----------+-------------------------------------------
     0 | D:1      | freelancePsychic the Palentonga Conjurer began the quest
                  | for the Orb.
     0 | D:1      | Reached XP level 1. HP: 13/13 MP: 3/3
   292 | D:1      | Reached XP level 2. HP: 5/20 MP: 1/5
   329 | D:1      | Reached skill level 4 in Conjurations
   362 | D:1      | Learned a level 2 spell: Searing Ray
  1054 | D:1      | Found a faded altar of an unknown god.
  1112 | D:1      | Reached XP level 3. HP: 25/25 MP: 3/6
  1147 | D:1      | Found Diczaeta's Assorted Antiques.
  2220 | D:2      | Reached XP level 4. HP: 32/32 MP: 4/8
  2597 | D:2      | Found a runed translucent door.
  2598 | D:2      | Noticed Crazy Yiuf
  2825 | D:2      | Reached skill level 5 in Conjurations
  2864 | D:2      | Reached skill level 1 in Translocations
  2896 | D:2      | Learned a level 4 spell: Iskenderun's Mystic Blast
  3365 | D:3      | Noticed a black bear
  3373 | D:3      | Killed a black bear
  3374 | D:3      | Reached XP level 5. HP: 37/37 MP: 2/9
  4297 | D:4      | Reached XP level 6. HP: 41/43 MP: 4/10
  4360 | D:4      | Reached skill level 6 in Conjurations
  5353 | D:5      | Entered Level 5 of the Dungeon
  5498 | D:5      | Reached skill level 1 in Fighting
  5538 | D:5      | Found a staircase to the Ecumenical Temple.
  5556 | Temple   | Entered the Ecumenical Temple
  5786 | Temple   | Became a worshipper of Vehumet
  5815 | D:5      | Gained mutation: You curl defensively after being hit.
                  | [Palentonga growth]
  5815 | D:5      | Reached XP level 7. HP: 37/51 MP: 2/11
  6063 | D:5      | Found a transporter.
  6063 | D:5      | Noticed a small abomination
  6154 | D:5      | Noticed Dvallin's ghost (amateur KoDe)
  6155 | D:5      | Found a transporter.
  6950 | D:6      | Reached skill level 1 in Earth Magic
  7300 | D:6      | Noticed Pikel
  7570 | D:6      | Found Cuamock's Assorted Antiques.
  7576 | D:6      | Bought a shiny helmet for 142 gold pieces
  7650 | D:7      | Reached * piety under Vehumet
  7650 | D:7      | Offered knowledge of Freeze by Vehumet.
  7651 | D:7      | Reached skill level 7 in Conjurations
  7922 | D:7      | Learned a level 5 spell: Iskenderun's Battlesphere
  7930 | D:7      | Reached XP level 8. HP: 53/60 MP: 5/13
  8426 | D:7      | Noticed a hornet
  8435 | D:7      | Killed a hornet
  8594 | D:7      | Reached skill level 8 in Conjurations
  8720 | D:7      | Reached skill level 5 in Spellcasting
  9598 | D:8      | Found a shimmering altar of Xom.
  9598 | D:8      | Found a shimmering altar of Xom.
  9599 | D:8      | Found a shimmering altar of Xom.
  9621 | D:8      | Found Tafea's Antique Armour Shoppe.
  9797 | D:8      | Noticed a boulder beetle
  9827 | D:8      | Killed a boulder beetle
  9828 | D:8      | Reached skill level 9 in Conjurations
  9828 | D:8      | Reached XP level 9. HP: 32/66 MP: 2/19
 10015 | D:8      | Offered knowledge of Foxfire by Vehumet.
 10015 | D:8      | Reached ** piety under Vehumet
 10108 | D:8      | Found a glowing golden altar of the Shining One.
 10396 | D:9      | Noticed a two-headed ogre
 10396 | D:9      | Noticed a troll
 10569 | D:9      | Mangled by a two-headed ogre

Illustrated notes

Levels and vault maps discovered:
D:1:      dpeg_arrival_subterranean_lakeside_camping, layout_basic,
          serial_shops, shop, ebering_ecumenical_altar_box,
          minmay_worlds_worst_comb
D:2:      layout_basic, kennysheep_doodads, st_stairs_4, serial_bayou_pond_b,
          grunt_ministairs_7, uniq_crazy_yiuf_cottage
D:3:      layout_loops_ring
D:4:      layout_basic, hangedman_abyss_or_decor_stabs
D:5:      layout_gridville, minmay_temple_entry_butterflies,
          gammafunk_ghost_abyssal_escape
D:6:      layout_loops_ring, serial_shops, nicolae_shop_overgrown_old_shop,
          minmay_misc_feat_encased, uniq_pikel
D:7:      layout_rooms, kennysheep_another_room, kennysheep_path_1, st_stairs_1
D:8:      layout_layer_cave, nicolae_overflow_crystal_walls, xom_redecorated,
          serial_shops, shop
D:9:      layout_roguey, special_room [special_room_bee], enter_bailey_2,
          grunt_ministairs_2, minmay_checkerbox
Temple:   eino_narrow_crystal_temple

Skill      XL: |  1  2  3  4  5  6  7  8  9 |
---------------+----------------------------+-----
Conjurations   | 4 5 6 7 9 |  9.7
Translocations | 2 3 |  3.5
Fighting       | 1 2 4 |  4.0
Earth Magic    | 1 3 |  3.1
Spellcasting   | 3 6 |  6.8
Dodging        | |  1.5
Stealth        | |  1.2

Action                   |  1- 3 |  4- 6 |  7- 9 || total
-------------------------+-------+-------+-------++-------
Melee: Unarmed           |    41 |     6 |       ||    47
       Tailslap          |     1 |     1 |       ||     2
       Dagger            |       |    10 |    23 ||    33
 Cast: Magic Dart        |    61 |    60 |    37 ||   158
       Searing Ray       |    17 |    23 |    50 ||    90
       Iskenderun's Batt |       |       |     7 ||     7
       Iskenderun's Myst |       |       |     7 ||     7
  Use: Scroll            |       |     8 |     6 ||    14
       Potion            |       |       |     1 ||     1
Armor: Robe              |    43 |     5 |    41 ||    89
Dodge: Dodged            |    36 |    16 |    48 ||   100

Table legend: (Time is in decaauts)
 A = Elapsed time spent in this place.
 B = Non-inter-level travel time spent in this place.
 C = Inter-level travel time spent in this place.
 D = Time resting spent in this place.
 E = Time spent auto-exploring this place.
 F = Levels seen in this place.
 G = Mean time per level.
                   A        B        C        D        E       F      G
               +--------+--------+--------+--------+--------+-----+--------+
         Total |  10579 |  10190 |    389 |   1052 |   8012 |  10 | 1057.9 |
       Dungeon |  10334 |   9973 |    361 |   1052 |   7796 |   9 | 1148.2 |
        Temple |    245 |    217 |     28 |      0 |    216 |   1 |  245.0 |
               +--------+--------+--------+--------+--------+-----+--------+

Top non-repeatable levels by time:
     D:1: 1921 daAuts
     D:5: 1656 daAuts
     D:8: 1543 daAuts
     D:2: 1381 daAuts
     D:7: 1188 daAuts
     D:4: 1128 daAuts
     D:3: 929 daAuts
     D:6: 463 daAuts
  Temple: 245 daAuts
     D:9: 121 daAuts
